 Dungeon Crawl Stone Soup version 0.23.2-33-g5129a83184 (webtiles) character file.

Game seed: 11371913637248631247

122 Folque the Conjurer (level 4, -11/35 HPs)
             Began as a Demigod Conjurer on July 11, 2019.
             Mangled by an iguana (14 damage)
             ... on level 2 of the Dungeon.
             The game lasted 00:05:50 (2596 turns).

Folque the Conjurer (Demigod Conjurer)              Turns: 2596, Time: 00:05:51

Health: -11/35     AC:  2    Str: 11    XL:     4   Next: 50%
Magic:  0/11       EV: 12    Int: 21    God:
Gold:   39         SH:  0    Dex: 16    Spells: 3/9 levels left

rFire    . . .     SeeInvis .   i - +0 flail
rCold    . . .     Gourm    .   (no shield)
rNeg     . . .     Faith    .   a - +0 robe
rPois    .         Spirit   .   (no helmet)
rElec    .         Reflect  .   (no cloak)
rCorr    .         Harm     .   (no gloves)
MR       .....                  (no boots)
Stlth    ++........             (no amulet)
HPRegen  0.11/turn              (no ring)
MPRegen  0.12/turn              (no ring)

@: no status effects
A: high mp 1
a: no special abilities


You were on level 2 of the Dungeon.
You were hungry.

You visited 1 branch of the dungeon, and saw 2 of its levels.

You collected 39 gold pieces.

Inventory:

Hand Weapons
 f - a +0 dagger of speed
 h - a +0 dagger
 i - a +0 flail (weapon)
Armour
 a - a +0 robe (worn)
Jewellery
 m - a cursed ring of attention {unknown}
Scrolls
 e - a scroll of teleportation {unknown}
 j - a scroll of enchant armour {unknown}
 k - a scroll of remove curse {unknown}
 n - a scroll of fog
Potions
 b - a potion of heal wounds
 d - 3 potions of agility {unknown}
 g - a potion of curing {unknown}
Comestibles
 c - 6 rations
 l - 8 chunks of flesh


   Skills:
 - Level 1.0 Fighting
 - Level 1.7 Dodging
 - Level 1.7 Stealth
 * Level 3.3 Spellcasting
 + Level 4.4 Conjurations


You had 3 spell levels left.
You knew the following spells:

 Your Spells              Type           Power        Failure   Level  Hunger
a - Magic Dart            Conj           ###.         1%          1    None
b - Searing Ray           Conj           ###...       3%          2    ##.....
c - Dazzling Spray        Conj/Hex       ##....       16%         3    ###....

Your spell library contained the following spells:

 Spells                   Type           Power        Failure   Level  Hunger
 Iskenderun's Mystic Bla  Conj           ###.....     21%         4    ####...
 Force Lance              Conj/Tloc      ##......     45%         4    ####...
 Fulminant Prism          Conj/Hex       ##........   45%         4    ####...


Dungeon Overview and Level Annotations

Branches:
Dungeon (2/15)


Innate Abilities, Weirdness & Mutations

You have an increased reservoir of magic. (+10% MP)


Message History

Press: ? - help, Shift-Dir - straight line, f/p - iguana
Aim: an iguana (heavily wounded)
The magic dart hits the iguana.
The iguana is severely wounded.
You barely miss the iguana.
The iguana is severely wounded.
The iguana bites you! The iguana bites you.
You barely miss the iguana.
The iguana is severely wounded.
The iguana bites you!
* * * LOW HITPOINT WARNING * * *
Casting: Magic Dart (safe; 1% risk of failure)
Confirm with . or Enter, or press ? or * to list all spells.
Aiming: Magic Dart (safe; 1% risk of failure)
Press: ? - help, Shift-Dir - straight line, f/p - iguana
Aim: an iguana (severely wounded)
The magic dart hits the iguana but does no damage.
The iguana is severely wounded.
The iguana bites you!
You die...

♣...≈≈_≈≈...♣ ##÷
♣♣..≈≈≈≈≈..♣♣
#.##.. ♣..÷≈≈≈...♣
#.#... ♣♣.......♣♣
#..... ♣♣.....♣♣
###... ♣♣...♣♣ ##..
♣♣.....♣♣ ##.
♣♣l......♣♣ #######
♣.@.≈≈≈...♣##......
#..≈≈≈≈≈......#####
#..≈≈♣≈≈...####
#..≈≈≈≈≈...#
#..[≈≈≈....#
##.........#
##.......##
###....## ######


You could see an iguana.

Vanquished Creatures
  3 gnolls (D:2)
  4 adders
  An ooze (D:1)
  2 dart slugs (D:2)
  A leopard gecko (D:2)
  3 bats
  3 giant cockroaches
  3 goblins
  4 hobgoblins
  4 jackals (D:2)
  3 quokkas (D:2)
  2 frilled lizards
  6 kobolds
  11 rats
50 creatures vanquished.

Notes
Turn   | Place    | Note
-------+----------+-------------------------------------------
     0 | D:1      | Folque the Demigod Conjurer began the quest for the Orb.
     0 | D:1      | Reached XP level 1. HP: 14/14 MP: 5/5
   539 | D:1      | Reached XP level 2. HP: 22/22 MP: 2/7
   543 | D:1      | Learned a level 2 spell: Searing Ray
   936 | D:1      | Reached skill level 4 in Conjurations
  1025 | D:2      | Reached skill level 1 in Fighting
  1225 | D:2      | Reached XP level 3. HP: 27/28 MP: 3/9
  1253 | D:2      | Found a shadowy altar of Dithmenos.
  1270 | D:2      | Found a sacrificial altar of Ru.
  1328 | D:2      | Learned a level 3 spell: Dazzling Spray
  2158 | D:2      | Reached XP level 4. HP: 27/35 MP: 0/11
  2452 | D:2      | Found a shimmering altar of Xom.
  2504 | D:2      | Found a white marble altar of Elyvilon.
  2596 | D:2      | Mangled by an iguana

Skill      XL: |  1  2  3  4 |
---------------+-------------+-----
Spellcasting   | 2 3 |  3.3
Conjurations   | 4 |  4.4
Fighting       | 1 |  1.0
Dodging        | |  1.7
Stealth        | |  1.7

Action                   |  1- 3 |  4- 6 || total
-------------------------+-------+-------++-------
Melee: Dagger            |   159 |     9 ||   168
       Unarmed           |    10 |       ||    10
       Whip              |     3 |       ||     3
       Flail             |       |    19 ||    19
 Cast: Magic Dart        |    29 |     5 ||    34
       Searing Ray       |     3 |     1 ||     4
       Dazzling Spray    |     2 |     5 ||     7
  Use: Scroll            |     3 |       ||     3
       Potion            |     1 |       ||     1
 Stab: Sleeping          |     4 |       ||     4
  Eat: Chunk             |     5 |     1 ||     6
Armor: Robe              |    34 |     6 ||    40
Dodge: Dodged            |   129 |    24 ||   153
